 Dungeon Crawl Stone Soup version 0.24.0-3-g28a8eb0610 (webtiles) character file.

Game seed: 11328331759757863432, levelgen mode: deterministic

10683 Jannitor the Covert (level 11, -2/69 HPs)
             Began as a Kobold Ice Elementalist on Nov 1, 2019.
             Was a High Priest of Vehumet.
             Killed by divine providence
             ... invoked by an orc priest
              (14 damage)
             ... on level 11 of the Dungeon.
             The game lasted 00:29:00 (13748 turns).

Jannitor the Covert (Kobold Ice Elementalist)      Turns: 13748, Time: 00:29:01

Health: -2/69      AC:  8    Str:  8    XL:     11   Next: 97%
Magic:  17/17      EV: 21    Int: 18    God:    Vehumet [*****.]
Gold:   330        SH:  0    Dex: 15    Spells: 4/16 levels left

rFire    . . .     SeeInvis .   s - +2 quick blade of Zin's Approval {pierce, +Inv} (curse)
rCold    . . .     Gourm    .   (shield restricted)
rNeg     . . .     Faith    .   r - +2 animal skin
rPois    +         Spirit   .   x - +1 helmet (curse)
rElec    .         Reflect  .   G - scarf {repulsion}
rCorr    .         Harm     .   (no gloves)
MR       .....                  (no boots)
Stlth    +++++.....             (no amulet)
HPRegen  0.21/turn              D - ring of poison resistance
MPRegen  0.15/turn              H - ring of wizardry

@: repel missiles
A: small, yellow scales 1, carnivore
a: Renounce Religion, Evoke Invisibility


You were on level 11 of the Dungeon.
You worshipped Vehumet.
Vehumet was extremely pleased with you.
You were very full.

You visited 1 branch of the dungeon, and saw 11 of its levels.

You collected 642 gold pieces.
You spent 312 gold pieces at shops.

Inventory:

Hand Weapons
 d - a +1 short sword
 j - a +0 rapier
 q - a +2 dagger of draining
 s - the cursed +2 quick blade of Zin's Approval (weapon) {pierce, +Inv}
   (You found it on level 3 of the Dungeon)

   It inflicts extra damage upon your enemies.
   It lets you turn invisible.
   It has a curse placed upon it.
Missiles
 g - 5 atropa-tipped darts (quivered)
 A - 2 throwing nets
 P - 40 poisoned darts
Armour
 a - a +0 robe
 r - a +2 animal skin (worn)
 x - a cursed +1 helmet (worn)
 G - a scarf of repulsion (worn)
Magical Staves
 n - an uncursed staff of cold
Jewellery
 D - a ring of poison resistance (left hand)
 H - a ring of wizardry (right hand)
Wands
 e - a wand of disintegration (3)
 u - a wand of acid (3)
 v - a wand of flame (14)
 B - a wand of paralysis (6)
 C - a wand of scattershot (8)
 F - a wand of iceblast (20)
 L - a wand of polymorph (10)
 M - a wand of digging (12)
Scrolls
 b - 5 scrolls of magic mapping
 f - 4 scrolls of immolation
 w - a scroll of amnesia
 y - 2 scrolls of enchant weapon
 z - 4 scrolls of remove curse
 E - 2 scrolls of identify
 N - a scroll of torment {unknown}
Potions
 h - 2 potions of magic
 i - 3 potions of brilliance
 k - a potion of mutation
 l - 5 potions of haste
 m - 2 potions of flight
 o - 3 potions of heal wounds {unknown}
 p - a potion of curing
 t - a potion of might
 I - 2 potions of degeneration {unknown}
 J - 2 potions of lignification {unknown}
 O - a potion of berserk rage {unknown}
Comestibles
 c - 20 rations


   Skills:
 + Level 8.8 Fighting
 - Level 10.2 Short Blades
 - Level 0.5 Staves
 + Level 9.6 Dodging
 + Level 11.5 Stealth
 - Level 3.2 Spellcasting
 - Level 1.6 Conjurations
 + Level 3.9 Ice Magic
 + Level 0.4 Air Magic
 + Level 9.2 Evocations


You had 4 spell levels left.
You knew the following spells:

 Your Spells              Type           Power        Failure   Level  Hunger
a - Freezing Cloud        Conj/Ice/Air   ##........   65%         6    #######
b - Throw Frost           Conj/Ice       ##....       1%          2    ##.....
d - Fulminant Prism       Conj/Hex       #.........   13%         4    ####...

Your spell library contained the following spells:

 Spells                   Type           Power        Failure   Level  Hunger
 Freeze                   Ice            ###.         1%          1    None
 Throw Icicle             Conj/Ice       ##......     6%          4    ####...
 Ozocubu's Armour         Chrm/Ice       #.......     9%          3    ###....
 Summon Ice Beast         Ice/Summ       #.......     26%         4    ####...


Dungeon Overview and Level Annotations

Branches:
Dungeon (11/15)            Temple (0/1) D:5            Lair (0/6) D:11
    Orc (0/2) D:11

Altars:
Dithmenos
Elyvilon
Fedhas
Hepliaklqana
Qazlal
Sif Muna
Vehumet
Yredelemnul
The Shining One

Shops:
D:6 *   D:7 [   D:10 %

Annotations:
D:3 2 runed translucent doors, Crazy Yiuf; topfpfpflanze's ghost, weakling OgFE
D:4 1 runed translucent door, Arixos's ghost, amateur DEAs
D:7 2 runed translucent doors, RandomHacker's ghost, novice GnWn


Innate Abilities, Weirdness & Mutations

You are small and have problems with some larger weapons.
You are carnivorous and can eat meat at any time.
You are partially covered in yellow scales. (AC +2)


Message History

You kill the orc!
Vehumet accepts your kill.
The bolt of acid hits the orc priest.
The orc priest is splashed with acid.
The orc priest is severely wounded.
Something hits you. x2; Something hits you!
* * * LOW HITPOINT WARNING * * *
The orc priest invokes the aid of Beogh against you.
Beogh smites you!
* * * LOW HITPOINT WARNING * * *
Your magical contamination has completely faded away.
Okay, then.
Unknown command.
Okay, then.
Unknown command.
You feel better. Something barely misses you.
An orc comes into view. It is wielding a +0 short sword.
Something barely misses you.
The orc priest mumbles some strange prayers to Beogh against you.
Beogh smites you!
You die...

#.##.# #.# #.##.##
#.#######
##.....###...<....
#.................
#.####.###..######
######.# #.# #..#
# #......#
#.###..######
#.####.#
#.##......##. #@#
#.##...##.... #{#
#.##...#####.


oZ# #......... ..oo #..####### ...⌠o #.. ##..... #.. ##..## #.. ##.# You could
see an orc priest, 3 orcs and a bullfrog zombie.

Vanquished Creatures
  A two-headed ogre (D:10)
  Urug (D:11)
  3 ugly things
  Maurice (D:9)
  Joseph (D:7)
  A centaur skeleton (D:10)
  A wraith (D:11)
  5 yaks (D:9)
  2 hungry ghosts (D:11)
  A wyvern (D:9)
  Menkaure (D:4)
  A water moccasin (D:8)
  A porcupine (D:11)
  5 orc warriors
  3 black bears
  A sky beast (D:7)
  6 ice beasts
  5 phantoms
  7 ogres
  4 centaurs
  2 big kobolds (D:10)
  6 bullfrogs
  A scorpion (D:11)
  A wyvern skeleton (D:11)
  3 killer bees (D:9)
  2 troll zombies (D:11)
  8 wights
  3 howler monkeys (D:5)
  10 crimson imps
  A bullfrog zombie (D:7)
  2 centaur zombies
  2 quasits
  3 hounds
  6 jellies
  7 orc wizards
  5 orc priests
  Jessica (D:3)
  4 iguanas
  4 worker ants
  A killer bee zombie (D:5)
  4 ogre zombies (D:11)
  A hound zombie (D:7)
  Robin (D:3)
  15 adders
  3 shadow imps
  An ooze (D:1)
  An adder zombie (D:7)
  An adder skeleton (D:5)
  A worm (D:2)
  3 dart slugs
  A leopard gecko (D:1)
  34 orcs
  5 bats
  6 giant cockroaches
  11 hobgoblins
  9 quokkas
  2 ball pythons
  2 frilled lizards
  11 goblins
  2 goblin zombies (D:11)
  2 hobgoblin skeletons (D:11)
  A hobgoblin zombie (D:11)
  A jackal skeleton (D:5)
  A jackal zombie (D:8)
  19 kobolds
  2 orc skeletons (D:11)
  12 orc zombies (D:11)
  3 quokka skeletons
  6 rats
  2 fungi (D:3)
286 creatures vanquished.

Notes
Turn   | Place    | Note
-------+----------+-------------------------------------------
     0 | D:1      | Jannitor the Kobold Ice Elementalist began the quest for
                  | the Orb.
     0 | D:1      | Reached XP level 1. HP: 10/10 MP: 3/3
   432 | D:1      | Reached skill level 3 in Stealth
   475 | D:1      | Reached XP level 2. HP: 16/16 MP: 5/5
   769 | D:1      | Reached skill level 1 in Short Blades
   943 | D:1      | Reached skill level 1 in Fighting
  1023 | D:1      | Reached XP level 3. HP: 20/20 MP: 2/6
  1430 | D:2      | Gained mutation: You tend to lose your temper in combat.
                  | [potion of mutation]
  1430 | D:2      | Lost mutation: You tend to lose your temper in combat.
                  | [potion of mutation]
  1430 | D:2      | Gained mutation: You are partially covered in yellow
                  | scales. (AC +2) [potion of mutation]
  1430 | D:2      | HP: 1/20 [adder (3)]
  1441 | D:2      | Reached XP level 4. HP: 21/25 MP: 3/7
  2055 | D:2      | Learned a level 2 spell: Throw Frost
  2174 | D:3      | Noticed Robin
  2365 | D:3      | Found a basalt altar of Yredelemnul.
  2595 | D:3      | Found a runed translucent door.
  2596 | D:3      | Noticed Crazy Yiuf
  2627 | D:3      | Found a runed translucent door.
  2630 | D:3      | Noticed topfpfpflanze's ghost (weakling OgFE)
  2660 | D:3      | Noticed Jessica
  2665 | D:3      | Killed Jessica
  2665 | D:3      | Reached XP level 5. HP: 30/30 MP: 4/8
  2739 | D:3      | Found a radiant altar of Vehumet.
  2754 | D:3      | Became a worshipper of Vehumet
  2964 | D:3      | Killed Robin
  3207 | D:3      | Got a dazzling quick blade
  3208 | D:3      | Identified the cursed +2 quick blade of Zin's Approval
                  | {pierce, +Inv} (You found it on level 3 of the Dungeon)
  3374 | D:4      | Noticed a phantom
  3405 | D:4      | Killed a phantom
  3405 | D:4      | Reached skill level 4 in Stealth
  3405 | D:4      | Reached skill level 1 in Evocations
  3405 | D:4      | Reached XP level 6. HP: 26/36 MP: 9/9
  3513 | D:4      | Noticed Menkaure
  3518 | D:4      | Killed Menkaure
  3518 | D:4      | Reached XP level 7. HP: 22/41 MP: 10/10
  3983 | D:4      | Found a runed translucent door.
  3983 | D:4      | Noticed Arixos's ghost (amateur DEAs)
  4238 | D:5      | Entered Level 5 of the Dungeon
  4623 | D:4      | Reached skill level 5 in Stealth
  4748 | D:5      | Reached * piety under Vehumet
  4748 | D:5      | Offered knowledge of Sting by Vehumet.
  5191 | D:5      | Reached XP level 8. HP: 48/48 MP: 11/11
  5566 | D:5      | Found a staircase to the Ecumenical Temple.
  5716 | D:6      | Found Keat's Assorted Antiques.
  5721 | D:6      | Reached skill level 6 in Stealth
  5734 | D:6      | Bought a curved fluorescent wand for 96 gold pieces
  5734 | D:6      | Bought a scroll labeled UKYKUS KENANGA for 24 gold pieces
  5734 | D:6      | Bought a scroll labeled PAFIMIYPOSUZ for 24 gold pieces
  5734 | D:6      | Bought a shiny fluorescent wand for 96 gold pieces
  5734 | D:6      | Bought a potion of curing for 72 gold pieces
  5774 | D:6      | Reached skill level 5 in Short Blades
  5894 | D:6      | Found a stormy altar of Qazlal.
  6001 | D:6      | Found a shadowy altar of Dithmenos.
  6005 | D:6      | Found a white marble altar of Elyvilon.
  6007 | D:6      | Reached skill level 5 in Dodging
  6009 | D:6      | Found a hazy altar of Hepliaklqana.
  6009 | D:6      | Found a shimmering blue altar of Sif Muna.
  6028 | D:6      | Found a glowing golden altar of the Shining One.
  7371 | D:7      | Reached skill level 7 in Stealth
  7371 | D:7      | Reached XP level 9. HP: 53/53 MP: 9/12
  7381 | D:7      | Reached skill level 5 in Fighting
  7696 | D:7      | Found a large runed translucent door.
  7696 | D:7      | Found a large runed translucent door.
  7697 | D:7      | Noticed RandomHacker's ghost (novice GnWn)
  7901 | D:7      | Reached skill level 5 in Evocations
  8117 | D:7      | Reached ** piety under Vehumet
  8117 | D:7      | Offered knowledge of Flame Tongue by Vehumet.
  8152 | D:7      | Found Ifablen's Armour Boutique.
  8347 | D:7      | Reached skill level 8 in Stealth
  8467 | D:7      | Noticed Joseph
  8482 | D:7      | Killed Joseph
  9138 | D:8      | Reached XP level 10. HP: 42/60 MP: 14/14
  9663 | D:8      | Reached skill level 9 in Stealth
 10013 | D:9      | Noticed a green ugly thing
 10017 | D:9      | Offered knowledge of Ignite Poison by Vehumet.
 10020 | D:9      | Killed a green ugly thing
 10143 | D:9      | Learned a level 4 spell: Summon Ice Beast
 10187 | D:9      | Reached *** piety under Vehumet
 10336 | D:9      | Found a blossoming altar of Fedhas.
 10499 | D:9      | Reached skill level 10 in Stealth
 10583 | D:9      | Noticed Maurice
 10592 | D:9      | Killed Maurice
 10592 | D:9      | Reached XP level 11. HP: 67/67 MP: 16/16
 10852 | D:9      | Offered knowledge of Fulminant Prism by Vehumet.
 10977 | D:9      | Learned a level 4 spell: Fulminant Prism
 11221 | D:9      | Got a crude rapier
 11222 | D:9      | Identified the +3 rapier "Hopena" {pierce, rElec Str-2
                  | Int+4 Dex+5} (You found it on level 9 of the Dungeon)
 11235 | D:10     | Entered Level 10 of the Dungeon
 11386 | D:10     | Noticed a two-headed ogre
 11403 | D:10     | Killed a two-headed ogre
 11641 | D:10     | Reached **** piety under Vehumet
 11982 | D:10     | Found Oryoquurosk's Food Shop.
 12244 | D:11     | Offered knowledge of Iskenderun's Battlesphere by Vehumet.
 12255 | D:11     | Found a staircase to the Orcish Mines.
 12284 | D:11     | Reached skill level 11 in Stealth
 12316 | D:11     | Noticed a green ugly thing
 12540 | D:11     | Noticed Urug
 12564 | D:11     | Killed Urug
 12564 | D:11     | Reached skill level 10 in Short Blades
 12582 | D:11     | Reached ***** piety under Vehumet
 12587 | D:11     | Offered knowledge of Freezing Cloud by Vehumet.
 12694 | D:11     | Learned a level 6 spell: Freezing Cloud
 12801 | D:11     | Noticed a brown ugly thing
 13090 | D:11     | Killed a green ugly thing
 13101 | D:11     | Killed a green ugly thing
 13307 | D:11     | Found a staircase to the Lair.
 13747 | D:11     | HP: 2/69 [orc priest/divine providence (14)]
 13748 | D:11     | Killed from afar by an orc priest

Levels and vault maps discovered:
D:1:      psy_arrival_terrarium, layout_rooms, kennysheep_another_room,
          wander_ebering_terrifying_dragon_lair
D:2:      layout_rooms, kennysheep_doodads, minmay_cupped
D:3:      minmay_octagon_keep, layout_rooms, vehumet_crystals,
          old_standard_altar, hellmonk_ghost_happy_afterlife,
          minmay_strange_pillars, uniq_jessica, uniq_crazy_yiuf_cottage,
          uniq_robin
D:4:      layout_layer_cave, ebering_ghost_inner_flame, uniq_menkaure
D:5:      layout_cave_pools, temple_hall, first_ration
D:6:      layout_layer_cave, grunt_temple_overflow_open, grunt_qazlal_clouds,
          lemuel_crystal_altar, serial_shops, nicolae_shop_overgrown_old_shop
D:7:      layout_layer_cave, ebering_ghost_disaster_area, serial_shops,
          nicolae_shop_behind_doors, grunt_ogre_cave, uniq_joseph
D:8:      layout_cave_pools
D:9:      layout_long_grid, basic_altar, uniq_maurice
D:10:     layout_long_grid, serial_shops, kennysheep_mini_moat
D:11:     layout_loops_ring, grunt_lair_entry_orc_guard_hut, zombieorc1_lemuel,
          minmay_misc_feat_tower, grunt_ministairs_14, uniq_urug

Skill      XL: |  1  2  3  4  5  6  7  8  9 10 11 |
---------------+----------------------------------+-----
Stealth        | 3 4 5 7 8 10 11 | 11.5
Short Blades   | 1 2 3 4 5 7 9 10 | 10.2
Fighting       | 1 2 3 4 6 7 8 |  8.8
Evocations     | 1 2 3 4 6 7 9 |  9.2
Dodging        | 3 4 5 6 8 9 |  9.6
Spellcasting   | 3 |  3.2
Staves         | |  0.5
Conjurations   | |  1.6
Ice Magic      | |  3.9
Air Magic      | |  0.4

Action                   |  1- 3 |  4- 6 |  7- 9 | 10-12 || total
-------------------------+-------+-------+-------+-------++-------
Melee: Short sword       |    47 |     9 |       |       ||    56
       Staff             |       |   105 |       |       ||   105
       Quick blade       |       |    32 |   357 |   829 ||  1218
 Cast: Freeze            |    21 |    54 |    15 |       ||    90
       Throw Frost       |       |     3 |       |       ||     3
 Abil: Evoke Invisibilit |       |       |     7 |    18 ||    25
Evoke: Wand              |       |     2 |     8 |     8 ||    18
  Use: Potion            |     3 |       |     5 |     1 ||     9
       Scroll            |       |     5 |     3 |     8 ||    16
 Stab: Sleeping          |     4 |     1 |    12 |    14 ||    31
       Invisible         |       |       |    16 |    66 ||    82
       Paralysed         |       |       |     1 |     1 ||     2
       Distracted        |       |       |       |     1 ||     1
  Eat: Chunk             |    10 |     8 |    19 |    30 ||    67
Armor: Robe              |    15 |     9 |       |       ||    24
       Animal skin       |       |    15 |    37 |    47 ||    99
Dodge: Dodged            |    65 |    91 |   179 |   385 ||   720
       Deflected         |       |       |     1 |     5 ||     6
